 Dungeon Crawl Stone Soup version 0.17.1-2-g5865329 (webtiles) character file.

302 Lysie the Ducker (level 6, -11/28 HPs)
             Began as a Spriggan Enchanter on Feb 2, 2016.
             Killed by divine providence
             ... invoked by an orc priest
              (16 damage)
             ... on level 4 of the Dungeon.
             The game lasted 00:13:36 (3585 turns).

Lysie the Ducker (Spriggan Enchanter)               Turns: 3585, Time: 00:13:36

Health: -11/28     AC:  4    Str:  6    XL:     6   Next: 14%
Magic:  6/11       EV: 17    Int: 16    God:
Gold:   140        SH:  0    Dex: 17    Spells: 3 memorised, 2 levels left

rFire  . . .     SeeInvis +     m - +1 dagger (speed)
rCold  . . .     Clarity  .     b - +2 robe
rNeg   . . .     SustAt   .     (shield restricted)
rPois  .         Gourm    .     (helmet restricted)
rElec  .         Spirit   .     (no cloak)
rCorr  .         Warding  .     (gloves unavailable)
rMut   .         Stasis   .     (boots unavailable)
MR     +....                    (no amulet)
Stlth  +++.......               (no ring)
                                (no ring)

@: very quick, somewhat resistant to hostile enchantments, fairly stealthy
A: unfitting armour, see invisible, herbivore 3, speed 3, slow metabolism 2
a: no special abilities


You were on level 4 of the Dungeon.
You were not hungry.

You visited 2 branches of the dungeon, and saw 6 of its levels.

You collected 140 gold pieces.

Inventory:

Hand Weapons
 k - a +2 hunting sling of flaming
 m - a +1 dagger of speed (weapon)
Missiles
 s - 6 sling bullets of flame
Armour
 b - a +2 robe (worn)
Jewellery
 w - an uncursed ring of positive energy {unknown}
Wands
 o - a wand of confusion (39)
Scrolls
 g - 3 scrolls of teleportation
 h - a scroll of fog
 n - 2 scrolls of remove curse
 r - a scroll of immolation
 t - a scroll of magic mapping
 u - a scroll of recharging
Potions
 e - 3 potions of curing
 f - 2 potions of invisibility {unknown}
 i - a potion of lignification {unknown}
 l - 2 potions of flight {unknown}
 p - a potion of poison {unknown}
 q - a potion of resistance {unknown}
Books
 c - a book of Maledictions

   Spells                             Type                      Level
   a - Corona                         Hexes                        1
   b - Ensorcelled Hibernation        Hexes/Ice                    2
   c - Confuse                        Hexes                        3
   d - Tukima's Dance                 Hexes                        3
   e - Dazzling Spray                 Conjuration/Hexes            3
Comestibles
 d - 3 bread rations
 v - a royal jelly


   Skills:
 * Level 5.0 Short Blades
 + Level 6.7 Dodging
 - Level 4.4 Stealth
 - Level 2.6 Spellcasting
 - Level 3.6 Hexes


You had 2 spell levels left.
You knew the following spells:

 Your Spells              Type           Power        Failure   Level  Hunger
b - Ensorcelled Hibernat  Hex/Ice        #.....       17%         2    ##.....
c - Dazzling Spray        Conj/Hex       #.......     34%         3    ###....
d - Confuse               Hex            ##......     14%         3    ###....


Dungeon Overview and Level Annotations

Branches:
Dungeon (5/15)             Temple (1/1) D:4

Altars:
Ashenzari
Cheibriados
Dithmenos
Fedhas
Gozag
Makhleb
Qazlal
Ru
Sif Muna
Trog
Vehumet
Xom
Zin
The Shining One

Annotations:
D:3 Grinder
D:4 Zing's ghost, amateur GrEn


Innate Abilities, Weirdness & Mutations

You are tiny and cannot use many weapons and most armour.
You have supernaturally acute eyesight.
You are a herbivore.
You cover ground extremely quickly.
You need consume almost no food.


Message History

Press: ? - help, Shift-Dir - straight line, f/p - orc wizard
Aim: an orc wizard, wielding a dagger and wearing a robe
Okay, then.
You hit the orc but do no damage.
The orc is moderately wounded.
The orc priest mumbles some strange prayers to Beogh against you.
Something smites you!
Ouch! That really hurt!
* * * LOW HITPOINT WARNING * * *
The orc wizard hits you with a dagger.
* * * LOW HITPOINT WARNING * * *
The orc wizard points at you and mumbles some strange words.
The puff of flame misses you.
There is a stone staircase leading down here.
You can't go up here!
The orc is no longer blind.
The orc priest mumbles some strange prayers to Beogh against you.
Something smites you!
Ouch! That really hurt!
You die...

.(.†.#####.#### ###.### .#####
#.# ####...# ###### #.##
########....###
.....#####..####........####
####........†o......##### *****
########.#.........# ****,,,,
###.#.oo......# *,,,,***
***#...........###***,****
*#....#...##@..## **,,,* ***
#..####...######***,,*** **,,
*#.** #....>***,,,,,******,,,
****,,* ##....,,,,,,,,,,,,**,,,
*,,,,******#.####**********<,,,,,
,,***,,,,,,(.# ****,,, ,**
*,,,,,,.## *,,, ** *,,,,,,,* *,,,
*,,,,,,,* **,,


You could see an orc priest, an orc wizard and an orc.

Vanquished Creatures
  A scorpion (D:4)
  2 worker ants (D:4)
  Jessica (D:3)
  An orc wizard (D:3)
  7 adders
  2 oozes
  3 worms
  5 orcs
  6 bats
  10 goblins
  8 hobgoblins
  A quokka (D:3)
  6 giant cockroaches
  2 giant geckos
  A giant gecko skeleton (D:4)
  6 giant newts
  5 kobolds
  8 rats
75 creatures vanquished.

Notes
Turn   | Place    | Note
--------------------------------------------------------------
     0 | D:1      | Lysie the Spriggan Enchanter began the quest for the Orb.
     0 | D:1      | Reached XP level 1. HP: 9/9 MP: 5/5
   209 | D:1      | Reached XP level 2. HP: 13/13 MP: 6/6
   217 | D:1      | Learned a level 2 spell: Ensorcelled Hibernation
  1086 | D:2      | Found a deep blue altar of Sif Muna.
  1089 | D:2      | Reached XP level 3. HP: 16/16 MP: 8/8
  1214 | D:2      | Learned a level 3 spell: Dazzling Spray
  1681 | D:2      | Reached XP level 4. HP: 11/21 MP: 9/9
  1933 | D:3      | Found a bloodstained altar of Trog.
  2038 | D:3      | Reached skill level 5 in Dodging
  2113 | D:3      | Noticed Grinder
  2420 | D:3      | Found a glowing golden altar of the Shining One.
  2515 | D:3      | Found a shadowy altar of Dithmenos.
  2543 | D:3      | Noticed Jessica
  2554 | D:3      | Killed Jessica
  2554 | D:3      | Reached XP level 5. HP: 24/24 MP: 6/10
  2754 | D:3      | Reached skill level 6 in Dodging
  2885 | D:4      | Found a staircase to the Ecumenical Temple.
  2913 | Temple   | Entered the Ecumenical Temple
  3390 | D:4      | Noticed Zing's ghost (amateur GrEn)
  3396 | D:5      | Entered Level 5 of the Dungeon
  3517 | D:4      | Learned a level 3 spell: Confuse
  3530 | D:4      | Reached skill level 5 in Short Blades
  3530 | D:4      | Reached XP level 6. HP: 28/28 MP: 11/11
  3585 | D:4      | Killed from afar by an orc priest

Action                   |  1- 3 |  4- 6 || total
-------------------------+-------+-------++-------
Melee: Dagger            |    97 |   136 ||   233
 Fire: Hunting sling     |    10 |     6 ||    16
 Cast: Ensorcelled Hiber |    11 |     9 ||    20
       Dazzling Spray    |       |     7 ||     7
  Use: Scroll            |     1 |     9 ||    10
       Potion            |       |     1 ||     1
 Stab: Sleeping          |    18 |    12 ||    30
       Invisible         |       |     2 ||     2
  Eat: Bread ration      |       |     1 ||     1
